 Dungeon Crawl Stone Soup version 0.26.0-16-gc1dbca0489 (webtiles) character file.

Game seed: 10780554963422000173

12437 hawla the Fighter (level 11, -6/106 HPs)
             Began as a Green Draconian Conjurer on Jan 21, 2021.
             Was a High Priest of Vehumet.
             Mangled by Jorgrun
             ... wielding an uncursed staff of earth
              (13 damage)
             ... on level 12 of the Dungeon.
             The game lasted 00:48:14 (15342 turns).

hawla the Fighter (Green Draconian Conjurer)       Turns: 15342, Time: 00:48:16

Health: -6/106     AC: 13    Str: 15    XL:     11   Next: 62%
Magic:  20/24      EV:  9    Int: 21    God:    Vehumet [*****.]
Gold:   514        SH:  6    Dex: 11    Spells: 10/28 levels left

rFire    + . .     SeeInvis .   n - staff of conjuration
rCold    + . .     Faith    .   a - +2 buckler
rNeg     . . .     Spirit   .   (armour unavailable)
rPois    +         Reflect  .   (helmet restricted)
rElec    +         Harm     .   r - +0 cloak {Stlth+}
rCorr    +         Rampage  .   q - +1 pair of gloves
Will     .....                  s - +2 pair of boots
Stlth    ++........             v - amulet of magic regeneration
HPRegen  0.27/turn              k - +6 ring of strength
MPRegen  0.44/turn              (no ring)

@: mighty, short of breath, resistant, grasped by roots, constricted, studying
Fighting
A: breathe noxious fumes, unfitting armour, poison resistance, cold-blooded, AC
+7
a: Breathe Noxious Fumes, Renounce Religion


You were on level 12 of the Dungeon.
You worshipped Vehumet.
Vehumet was extremely pleased with you.
You visited 2 branches of the dungeon, and saw 13 of its levels.

You collected 652 gold pieces.
You spent 138 gold pieces at shops.

Inventory:

Missiles
 c - 28 poisoned darts
 d - 5 silver boomerangs (quivered)
 e - 4 javelins
Armour
 a - a +2 buckler (worn)
 q - a +1 pair of gloves (worn)
 r - a +0 cloak of stealth (worn)
 s - a +2 pair of boots (worn)
Magical Staves
 n - an uncursed staff of conjuration (weapon)
Jewellery
 b - an uncursed ring of fire
 k - a +6 ring of strength (left hand)
 v - an amulet of magic regeneration (around neck)
 A - a +4 ring of protection {unknown}
Wands
 l - a wand of random effects (18)
 t - a wand of iceblast (8)
 w - a wand of flame (24)
Scrolls
 f - 6 scrolls of remove curse
 u - 3 scrolls of enchant weapon
Potions
 g - a potion of flight
 h - a potion of might
 i - a potion of cancellation {unknown}
 j - 4 potions of curing
 m - 4 potions of invisibility
 p - 2 potions of haste
Books
 o - a manual of Fighting


   Skills:
 + Level 12.8 Fighting
 + Level 8.9 Staves
 - Level 2.0 Dodging
 - Level 2.0 Stealth
 - Level 4.0 Shields
 + Level 9.2 Spellcasting
 - Level 6.8 Conjurations
 + Level 1.1 Hexes
 - Level 5.2 Translocations
 + Level 1.1 Transmutations
 + Level 1.2 Fire Magic
 + Level 1.2 Poison Magic
 - Level 4.0 Evocations


You had 10 spell levels left.
You knew the following spells:

 Your Spells              Type           Power        Failure   Level
a - Magic Dart            Conj           100%         1%          1
b - Searing Ray           Conj           100%         1%          2
c - Iskenderun's Mystic   Conj/Tloc      51%          1%          4
d - Inner Flame           Hex/Fire       14%          3%          3
e - Ignite Poison         Fire/Tmut/Pois 14%          3%          3
f - Conjure Flame         Conj/Fire      39%          1%          3
g - Blink                 Tloc           N/A          1%          2

Your spell library contained the following spells:

 Spells                   Type           Power        Failure   Level
 Conjure Ball Lightning   Conj/Air       17%          54%         6
 Dazzling Flash           Conj/Hex       78%          1%          3
 Mephitic Cloud           Conj/Pois/Air  31%          1%          3
 Gell's Gravitas          Tloc           15%          2%          3
 Fulminant Prism          Conj/Hex       19%          4%          4
 Slow                     Hex            14%          7%          2
 Call Imp                 Summ           9%           11%         2
 Confusing Touch          Hex            14%          13%         3
 Yara's Violent Unravell  Hex/Tmut       7%           30%         5
 Petrify                  Tmut/Erth      12%          50%         4
 Metabolic Englaciation   Hex/Ice        6%           83%         5


Dungeon Overview and Level Annotations

Branches:
Dungeon (12/15)            Temple (1/1) D:6            Lair (0/6) D:9
    Orc (0/2) D:11

Altars:
Ashenzari
Cheibriados
Dithmenos
Elyvilon
Fedhas
Gozag
Hepliaklqana
Kikubaaqudgha
Makhleb
Nemelex Xobeh
Okawaru
Qazlal
Ru
Sif Muna
Trog
Uskayaw
Vehumet
Wu Jian
Xom
Yredelemnul
Zin
The Shining One

Shops:
D:7 ?   D:8 [   D:9 (   D:10 (

Annotations:
D:12 Jorgrun


Innate Abilities, Weirdness & Mutations

You can breathe blasts of noxious fumes.
Your lurid green scales are hard. (AC +7)
You cannot fit into any form of body armour.
Your system is resistant to poisons. (rPois)
You are cold-blooded and may be slowed by cold attacks.


Message History

The grasping roots constrict you.
Unknown command.
You feel better.
* * * LOW HITPOINT WARNING * * *
The grasping roots constrict you! Jorgrun gestures at you while chanting.
You struggle to resist.
* * * LOW HITPOINT WARNING * * *
The grasping roots constrict you!
It was a potion of might.
You feel very mighty all of a sudden.
Jorgrun points at you and mumbles some strange words.
You struggle to resist.
* * * LOW HITPOINT WARNING * * *
The grasping roots constrict you!
Unknown command.
You feel better. Jorgrun casts a spell at you.
You struggle to resist.
You die...

..#.....#...'.....#....# *,.,,,
..#...)('(..####.<#....#####..,,,
###.....#......#..#...........,,>
#....####..†(..#.[#...........,,*
#....#,........#..#...........,,*
#....#.........#..####).#####.,,*
#....#.........#.<...#..#,..#,,,*
#....#.........#.....#..#...#,,,*
.....#..########@....#..'...#,,,*
.....#,,#............'..#...#,,,*
.....####..g.....#'###..#'###,,,*
#.......§........#.........,,,,,*
#................'...........,,,*
#................##..........,,,*
#>........#'#..>..*,.........,,,,
###########.#.....*..........,,,,
,,,,,,,,,,.,#.....#**,.......,,,,


You could see Jorgrun.

Vanquished Creatures
  Erolcha (D:12)
  A death knight (D:11)
  3 two-headed ogres
  An ugly thing (D:12)
  A cyclops (D:9)
  A wyvern (D:12)
  A wraith (D:11)
  A shadow (D:11)
  Eustachio (D:4)
  4 water moccasins (D:9)
  Duvessa (D:7)
  3 ice beasts
  5 orc warriors
  A necrophage (D:10)
  2 phantoms
  2 sky beasts
  4 black bears (D:9)
  8 ogres
  6 centaurs
  2 big kobolds
  6 bullfrogs
  A wyvern zombie (D:10)
  Dowan (D:7)
  2 wyvern skeletons (D:7)
  10 scorpions
  5 killer bees (D:10)
  2 troll zombies (D:11)
  24 wights
  4 howler monkeys
  4 bullfrog zombies
  A quasit (D:10)
  A centaur zombie (D:12)
  8 hounds
  A jelly (D:10)
  9 orc priests
  14 orc wizards
  A centaur skeleton (D:9)
  2 iguanas
  12 worker ants
  A killer bee zombie (D:9)
  6 ogre zombies (D:11)
  A hound zombie (D:8)
  A howler monkey zombie (D:8)
  11 adders
  A shadow imp (D:7)
  A white imp (D:7)
  7 ufetubi
  An adder zombie (D:9)
  2 worms
  A dart slug (D:1)
  5 leopard geckos
  41 orcs
  4 bats
  9 giant cockroaches
  9 goblins
  6 hobgoblins
  11 jackals
  14 kobolds
  5 quokkas
  6 frilled lizards
  A goblin skeleton (D:11)
  3 goblin zombies (D:11)
  2 hobgoblin skeletons (D:11)
  2 hobgoblin zombies (D:11)
  2 leopard gecko skeletons
  4 orc skeletons (D:11)
  13 orc zombies (D:11)
  A quokka skeleton (D:6)
  4 rats
332 creatures vanquished.

Vanquished Creatures (others)
  63 fungi (D:9)
  58 plants (D:9)
121 creatures vanquished.

Grand Total: 453 creatures vanquished

Notes
Turn   | Place    | Note
-------+----------+-------------------------------------------
     0 | D:1      | hawla the Draconian Conjurer began the quest for the Orb.
     0 | D:1      | Reached XP level 1. HP: 14/14 MP: 3/3
   156 | D:1      | Reached skill level 1 in Fighting
   276 | D:1      | Reached XP level 2. HP: 9/23 MP: 0/5
   279 | D:1      | Learned a level 2 spell: Searing Ray
  1245 | D:2      | Reached XP level 3. HP: 28/28 MP: 0/7
  1313 | D:2      | Noticed a scorpion
  1388 | D:2      | Killed a scorpion
  1389 | D:2      | Reached skill level 1 in Shields
  1389 | D:2      | Reached XP level 4. HP: 19/35 MP: 0/9
  1394 | D:2      | Learned a level 4 spell: Iskenderun's Mystic Blast
  2031 | D:2      | Found a faded altar of an unknown god.
  2239 | D:2      | Found a shimmering blue altar of Sif Muna.
  2917 | D:3      | Found a sacrificial altar of Ru.
  3220 | D:3      | Reached skill level 1 in Translocations
  3750 | D:3      | Reached XP level 5. HP: 14/40 MP: 1/10
  4195 | D:4      | Noticed an ogre
  4201 | D:4      | Killed an ogre
  4202 | D:4      | Reached XP level 6. HP: 47/47 MP: 4/11
  4406 | D:4      | Found a stormy altar of Qazlal.
  4407 | D:4      | Noticed a water elemental
  4407 | D:4      | Noticed a fire elemental
  4407 | D:4      | Noticed an air elemental
  4415 | D:4      | Noticed Eustachio
  4457 | D:4      | Killed Eustachio
  4458 | D:4      | Reached skill level 5 in Conjurations
  4868 | D:4      | Your scales start taking on a lurid green colour.
  4868 | D:4      | Reached XP level 7. HP: 52/52 MP: 4/13
  4868 | D:4      | Gained mutation: Your system is resistant to poisons.
                  | (rPois) [Green Draconian growth]
  5120 | D:5      | Entered Level 5 of the Dungeon
  5286 | D:5      | Reached skill level 1 in Staves
  5517 | D:5      | Got an ancient short sword
  5679 | D:5      | Found a sparkling altar of Nemelex Xobeh.
  6172 | D:5      | Reached XP level 8. HP: 52/59 MP: 6/14
  6315 | D:5      | Reached skill level 1 in Evocations
  6884 | D:6      | Identified the +8 short sword of the Desolation of Salt
                  | {holy, rPois rF+ Int-5 SInv} (You found it on level 5 of
                  | the Dungeon)
  6895 | D:6      | Found a sacrificial altar of Ru.
  7075 | D:6      | Found a staircase to the Ecumenical Temple.
  7091 | Temple   | Entered the Ecumenical Temple
  7210 | Temple   | Became a worshipper of Vehumet
  7546 | D:6      | Found a snail-covered altar of Cheibriados.
  7556 | D:6      | Reached skill level 5 in Translocations
  7768 | D:6      | You fall into a shaft and drop 1 floor!
  7785 | D:6      | Reached skill level 2 in Fighting
  8636 | D:7      | Reached skill level 3 in Fighting
  8636 | D:7      | Reached skill level 5 in Spellcasting
  8843 | D:7      | Reached XP level 9. HP: 71/71 MP: 10/16
  8845 | D:7      | Reached skill level 4 in Fighting
  9191 | D:7      | Noticed Duvessa
  9191 | D:7      | Noticed Dowan
  9202 | D:7      | Killed Duvessa
  9203 | D:7      | Reached skill level 5 in Fighting
  9211 | D:7      | Killed Dowan
  9532 | D:7      | Reached * piety under Vehumet
  9532 | D:7      | Offered knowledge of Shock by Vehumet.
  9537 | D:7      | Reached skill level 6 in Fighting
  9645 | D:7      | Found Ladakkiwk's Magic Scroll Boutique.
  9886 | D:8      | Found a glowing golden altar of the Shining One.
  9954 | D:8      | Found Cuxom's Armour Boutique.
  9959 | D:8      | Bought a +0 cloak of stealth for 138 gold pieces
 10138 | D:8      | Found an iron altar of Okawaru.
 10155 | D:8      | Reached skill level 7 in Fighting
 10284 | D:8      | Reached skill level 5 in Staves
 10290 | D:8      | Reached ** piety under Vehumet
 10290 | D:8      | Offered knowledge of Freeze by Vehumet.
 10387 | D:8      | Found a blossoming altar of Fedhas.
 10949 | D:9      | Noticed a two-headed ogre
 10957 | D:9      | Killed a two-headed ogre
 10958 | D:9      | Reached skill level 8 in Fighting
 10958 | D:9      | Reached XP level 10. HP: 82/90 MP: 8/20
 11021 | D:9      | Found Anyofycivid's Weapon Boutique.
 11391 | D:9      | Reached skill level 9 in Fighting
 11485 | D:9      | Offered knowledge of Stone Arrow by Vehumet.
 11693 | D:9      | Reached *** piety under Vehumet
 11726 | D:9      | Reached skill level 10 in Fighting
 11943 | D:9      | Noticed a cyclops
 11949 | D:9      | Found a staircase to the Lair.
 12311 | D:9      | Offered knowledge of Inner Flame by Vehumet.
 12316 | D:9      | Learned a level 3 spell: Inner Flame
 12394 | D:9      | Killed a cyclops
 12582 | D:10     | Entered Level 10 of the Dungeon
 12597 | D:10     | Noticed a two-headed ogre
 12607 | D:10     | Killed a two-headed ogre
 12608 | D:10     | Reached skill level 11 in Fighting
 12608 | D:10     | Reached skill level 1 in Hexes
 12608 | D:10     | Reached skill level 1 in Fire Magic
 12917 | D:10     | Reached XP level 11. HP: 102/102 MP: 20/23
 12997 | D:10     | Found Dodeunui's Weapon Shop.
 13210 | D:10     | Found a glowing golden altar of the Shining One.
 13400 | D:11     | Found a sparkling altar of Nemelex Xobeh.
 13425 | D:11     | Noticed a death knight
 13430 | D:12     | Noticed Erolcha
 13439 | D:12     | Reached **** piety under Vehumet
 13455 | D:12     | Noticed a red ugly thing
 13465 | D:12     | Killed a red ugly thing
 13968 | D:11     | Offered knowledge of Ignite Poison by Vehumet.
 13989 | D:11     | Learned a level 3 spell: Ignite Poison
 14060 | D:11     | Noticed a two-headed ogre
 14068 | D:11     | Killed a two-headed ogre
 14069 | D:11     | Reached skill level 12 in Fighting
 14069 | D:11     | Reached skill level 1 in Transmutations
 14069 | D:11     | Reached skill level 1 in Poison Magic
 14434 | D:11     | Found a staircase to the Orcish Mines.
 14475 | D:11     | Killed a death knight
 14895 | D:11     | Reached ***** piety under Vehumet
 14924 | D:11     | Offered knowledge of Conjure Ball Lightning by Vehumet.
 15041 | D:12     | Killed Erolcha
 15088 | D:12     | Learned a level 3 spell: Conjure Flame
 15091 | D:12     | Learned a level 2 spell: Blink
 15318 | D:12     | Noticed Jorgrun
 15341 | D:12     | HP: 1/106 [Jorgrun/uncursed staff of earth (12)]
 15342 | D:12     | Mangled by Jorgrun

Illustrated notes

Levels and vault maps discovered:
D:1:      minmay_arrival_three_doors, layout_loops_ring, glass_columns_a,
          kennysheep_minor_cross
D:2:      layout_loops_ring, marbit_many_paths, chequers_ecumenical_altar_twisty
D:3:      layout_loops_cross, nicolae_overflow_crystal_walls,
          roderic_serpentine_path
D:4:      minmay_octagon_keep, layout_cave_pools,
          nicolae_qazlal_style_of_elements, hangedman_decor_peaks_small,
          uniq_eustachio
D:5:      layout_basic, nemelex_spade_bored_becter
D:6:      layout_layer_cave, cheibriados_altar_1, minmay_temple_entry_glass,
          basic_altar, minmay_manual_monstrance
D:7:      layout_loops_ring, serial_shops, kennysheep_little_box, uniq_duvessa
D:8:      layout_loops_ring, lemuel_crystal_altar, serial_shops,
          nicolae_shop_statue_plus, basic_altar, okawaru_trees_1
D:9:      layout_basic, due_lair_maze_entry_diamond, serial_shops, shop
D:10:     layout_basic, serial_shops, shop, tso_metal_star
D:11:     layout_basic, zombieorc2_lemuel, basic_altar
D:12:     layout_irregular_city, enter_bailey_3, uniq_erolcha, uniq_nessos,
          uniq_jorgrun
Temple:   regret_index_temple_sphere_string

Skill      XL: |  1  2  3  4  5  6  7  8  9 10 11 |
---------------+----------------------------------+-----
Dodging        | 2 |  2.0
Stealth        | 2 |  2.0
Fighting       | 1 3 8 11 12 | 12.8
Shields        | 1 2 3 4 |  4.0
Spellcasting   | 3 4 5 6 8 9 |  9.2
Translocations | 1 2 3 4 5 |  5.2
Conjurations   | 5 6 |  6.8
Staves         | 1 3 5 7 8 |  8.9
Evocations     | 2 4 |  4.0
Hexes          | 1 |  1.1
Fire Magic     | 1 |  1.2
Transmutations | 1 |  1.1
Poison Magic   | 1 |  1.2

Action                   |  1- 3 |  4- 6 |  7- 9 | 10-12 || total
-------------------------+-------+-------+-------+-------++-------
Melee: Unarmed           |    18 |     3 |       |       ||    21
       Falchion          |       |    11 |     2 |       ||    13
       Staff             |       |       |    73 |    25 ||    98
       Tailslap          |       |       |     5 |     2 ||     7
Throw: Boomerang         |       |       |       |     3 ||     3
 Cast: Magic Dart        |    25 |    41 |    58 |   161 ||   285
       Searing Ray       |    10 |    30 |    63 |    82 ||   185
       Iskenderun's Myst |       |     4 |    15 |    28 ||    47
       Inner Flame       |       |       |       |     4 ||     4
       Ignite Poison     |       |       |       |     5 ||     5
 Abil: Breathe Noxious F |       |       |       |     5 ||     5
  Use: Potion            |     1 |     3 |     4 |     6 ||    14
       Scroll            |       |     9 |     7 |    12 ||    28
Armor: Skin              |     8 |    34 |    36 |    41 ||   119
Dodge: Dodged            |    17 |    74 |    78 |    47 ||   216
Block: Buckler           |       |       |    25 |    19 ||    44
       Rpst.: Falchion   |       |    19 |     1 |       ||    20
